 Dungeon Crawl Stone Soup version 0.26.1-11-gd32895ea62 (webtiles) character file.

Game seed: 4853763420678531312

3680 Almogavar the Carver (level 9, -1/121 HPs)
             Began as a Minotaur Berserker on May 10, 2021.
             Was a High Priest of Trog.
             Slain by a boulder beetle (12 damage)
             ... on level 8 of the Dungeon.
             The game lasted 00:14:53 (7976 turns).

Almogavar the Carver (Minotaur Berserker)           Turns: 7976, Time: 00:14:54

Health: -1/121     AC: 12    Str: 25    XL:     9   Next: 90%
Magic:  8/8        EV: 12    Int:  4    God:    Trog [*****.]
Gold:   379        SH:  0    Dex: 10    Spells: 8/8 levels left

rFire    x . .     SeeInvis .   a - +0 falchion
rCold    + . .     Faith    .   (no shield)
rNeg     . . .     Spirit   .   o - +0 scale mail
rPois    +         Reflect  .   (helmet restricted)
rElec    .         Harm     .   f - scarf {shadows}
rCorr    .         Rampage  .   z - +1 pair of gloves
Will     ++...                  u - +0 pair of boots
Stlth    ..........             y - amulet of regeneration
HPRegen  1.70/turn              D - ring of ice
MPRegen  0.11/turn              I - ring of poison resistance

@: berserking, regenerating, very quick
A: retaliatory headbutt, horns 2
a: Renounce Religion, Berserk, Trog's Hand, Brothers in Arms


You were on level 8 of the Dungeon.
You worshipped Trog.
Trog was extremely pleased with you.
You visited 1 branch of the dungeon, and saw 8 of its levels.

You collected 379 gold pieces.

Inventory:

Hand Weapons
 a - a +0 falchion (weapon)
 g - a +1 hunting sling of freezing
 G - a +1 mace of venom
Missiles
 i - 275 stones
 p - 106 sling bullets
 t - 79 bolts
Armour
 f - a scarf of shadows (worn)
 o - a +0 scale mail (worn)
 u - a +0 pair of boots (worn)
 z - a +1 pair of gloves (worn)
 A - a +0 chain mail
Jewellery
 y - an amulet of regeneration (around neck)
 D - a ring of ice (left hand)
 I - a ring of poison resistance (right hand)
Wands
 w - a wand of iceblast (11)
 J - a wand of digging (4)
 K - a wand of enslavement (9)
 L - a wand of flame (19)
Scrolls
 d - a scroll of blinking
 h - 6 scrolls of remove curse
 k - a scroll of fog
 m - a scroll of brand weapon {unknown}
 n - 3 scrolls of enchant armour {unknown}
 s - 3 scrolls of teleportation {unknown}
 B - a scroll of immolation {unknown}
 C - a scroll of magic mapping {unknown}
 H - 2 scrolls of summoning {unknown}
 N - 2 scrolls of enchant weapon {unknown}
 O - a scroll of identify
Potions
 b - a potion of haste
 c - a potion of ambrosia
 e - 8 potions of curing
 j - 2 potions of cancellation
 l - 3 potions of brilliance {unknown}
 q - a potion of experience {unknown}
 r - a potion of heal wounds {unknown}
 v - 3 potions of resistance {unknown}
 x - a potion of mutation {unknown}
 E - a potion of might {unknown}
 F - 3 potions of lignification {unknown}
 M - a potion of magic {unknown}


   Skills:
 + Level 7.9 Fighting
 + Level 11.7 Long Blades
 + Level 9.3 Armour
 + Level 5.5 Dodging


You had 8 spell levels left.
You didn't know any spells.
Your spell library was empty.

Dungeon Overview and Level Annotations

Branches:
Dungeon (8/15)             Temple (0/1) D:4
   Lair: D:8-11

Altars:
Ashenzari
Dithmenos
Elyvilon
Fedhas
Gozag
Makhleb
Qazlal
Ru
Trog
Vehumet
Yredelemnul
The Shining One


Innate Abilities, Weirdness & Mutations

You reflexively headbutt those who attack you in melee.
You have a pair of horns on your head.


Message History

* * * LOW HITPOINT WARNING * * *
The boulder beetle stops rolling and uncurls.
You hit the boulder beetle but do no damage.
You headbutt the boulder beetle, but do no damage.
The boulder beetle is lightly wounded.
The boulder beetle bites you!
* * * LOW HITPOINT WARNING * * *
You barely miss the boulder beetle.
Your headbutt misses the boulder beetle.
The boulder beetle is lightly wounded.
You barely miss the boulder beetle. You headbutt the boulder beetle.
The boulder beetle is lightly wounded.
The boulder beetle misses you.
You riposte.
You hit the boulder beetle.
The boulder beetle is lightly wounded.
You slash the boulder beetle! You headbutt the boulder beetle!
The boulder beetle is moderately wounded.
You slice the boulder beetle!! You headbutt the boulder beetle!
The boulder beetle is severely wounded.
The boulder beetle bites you!
You die...

######..#####..#
).รท..(.........####.
######...##.........
# #...##......... #
#...##......... #
#...####.#####. #
#...# #.# ###########
# #...#
#.#####.........# #
#####
#...@B..........#
#######.........#
#.........# ######
#...))....# #....#
#.......:.# #....#
#.......... #....#
#.........# #....#
#.........# ###....#
########.##


You could see a boulder beetle.

Vanquished Creatures
  Harold (D:8)
  A two-headed ogre (D:8)
  Sigmund (D:3)
  A wyvern (D:8)
  A water moccasin (D:7)
  An orc warrior (D:8)
  3 sky beasts
  An ice beast (D:6)
  4 ogres
  A centaur (D:8)
  A bullfrog (D:4)
  A scorpion (D:5)
  A howler monkey (D:7)
  2 quasits
  A bullfrog zombie (D:7)
  3 jellies
  2 bullfrog skeletons
  A centaur skeleton (D:8)
  Jessica (D:3)
  An iguana (D:5)
  4 orc wizards
  Ijyb (D:3)
  Terence (D:3)
  A worker ant (D:7)
  3 worker ant zombies
  3 gnolls (D:7)
  2 howler monkey skeletons
  5 adders
  2 shadow imps (D:5)
  3 ufetubi
  12 oozes
  An adder zombie (D:5)
  2 adder skeletons
  3 worms
  A dart slug (D:4)
  10 leopard geckos
  30 orcs
  7 bats
  4 giant cockroaches
  6 goblins
  10 hobgoblins
  20 jackals
  2 quokkas
  9 frilled lizards
  17 kobolds
  A quokka skeleton (D:5)
  A quokka zombie (D:8)
  13 rats
203 creatures vanquished.

Vanquished Creatures (others)
  A plant (D:3)
  11 toadstools (D:4)
12 creatures vanquished.

Grand Total: 215 creatures vanquished

Notes
Turn   | Place    | Note
-------+----------+-------------------------------------------
     0 | D:1      | Almogavar the Minotaur Berserker began the quest for the
                  | Orb.
     0 | D:1      | Reached XP level 1. HP: 19/19 MP: 0/0
   313 | D:1      | Reached XP level 2. HP: 27/27 MP: 1/1
   319 | D:1      | Reached skill level 4 in Long Blades
   637 | D:1      | Reached XP level 3. HP: 27/33 MP: 2/2
  1028 | D:1      | Reached ** piety under Trog
  1492 | D:2      | Reached XP level 4. HP: 40/41 MP: 3/3
  1860 | D:2      | Found a sacrificial altar of Ru.
  2100 | D:3      | Reached skill level 5 in Long Blades
  2106 | D:3      | Noticed Terence
  2112 | D:3      | Killed Terence
  2129 | D:3      | Found a blossoming altar of Fedhas.
  2307 | D:3      | Noticed Jessica
  2316 | D:3      | Killed Jessica
  2317 | D:3      | Reached XP level 5. HP: 47/47 MP: 4/4
  2393 | D:3      | Reached *** piety under Trog
  2454 | D:3      | Noticed an ogre
  2456 | D:3      | Noticed Sigmund
  2459 | D:3      | Killed an ogre
  2460 | D:3      | Reached skill level 6 in Long Blades
  2467 | D:3      | Killed Sigmund
  2468 | D:3      | Reached skill level 5 in Fighting
  2468 | D:3      | Reached XP level 6. HP: 56/56 MP: 5/5
  2511 | D:3      | Found a broken altar of Ashenzari.
  2802 | D:3      | Reached skill level 7 in Long Blades
  2823 | D:3      | Noticed Ijyb
  2844 | D:3      | Killed Ijyb
  2907 | D:3      | Found an opulent altar of Gozag.
  2908 | D:3      | Found a shadowy altar of Dithmenos.
  3288 | D:4      | Found a staircase to the Ecumenical Temple.
  3368 | D:4      | Found a white marble altar of Elyvilon.
  3420 | D:4      | Reached XP level 7. HP: 52/61 MP: 6/6
  3929 | D:4      | Reached skill level 5 in Armour
  3934 | D:4      | Reached skill level 8 in Long Blades
  4257 | D:4      | Found a basalt altar of Yredelemnul.
  4383 | D:4      | Reached **** piety under Trog
  4468 | D:5      | Entered Level 5 of the Dungeon
  4911 | D:5      | Reached XP level 8. HP: 59/70 MP: 7/7
  5573 | D:5      | Found a bloodstained altar of Trog.
  5586 | D:5      | Reached skill level 9 in Long Blades
  6682 | D:7      | Found a radiant altar of Vehumet.
  6736 | D:7      | Found a burning altar of Makhleb.
  6736 | D:7      | Noticed a cacodemon
  6739 | D:7      | Noticed an orange demon
  6887 | D:7      | Found a glowing golden altar of the Shining One.
  7029 | D:7      | Found a radiant altar of Vehumet.
  7352 | D:8      | Noticed a two-headed ogre
  7361 | D:8      | Killed a two-headed ogre
  7362 | D:8      | Reached skill level 10 in Long Blades
  7362 | D:8      | Reached XP level 9. HP: 79/79 MP: 8/8
  7454 | D:8      | Noticed Harold
  7469 | D:8      | Killed Harold
  7470 | D:8      | Reached skill level 11 in Long Blades
  7470 | D:8      | Reached skill level 5 in Dodging
  7638 | D:8      | Found a stormy altar of Qazlal.
  7685 | D:8      | Reached ***** piety under Trog
  7958 | D:8      | Noticed a boulder beetle
  7976 | D:8      | Slain by a boulder beetle

Illustrated notes

Levels and vault maps discovered:
D:1:      nicolae_arrival_somewhat_less_tricky_arrival, layout_basic,
          chequers_serial_rivers_micro_a
D:2:      layout_loops_ring, nicolae_ru_path_of_blood
D:3:      layout_rooms, cheibrodos_ashenzari_chains, fedhas_altar_1,
          gammafunk_temple_overflow_pools, serial_park_tiny_1, corexii_shack,
          uniq_terence, uniq_jessica, uniq_ijyb, uniq_sigmund
D:4:      cheibrodos_fertilizer, layout_basic, kennysheep_ying_yang,
          temple_green
D:5:      layout_loops_ring, trog_book
D:6:      layout_rooms, dk_noncrumbling_4, hex_intersection, centaur_isle
D:7:      layout_loops_ring, nicolae_tso_carved_into_rock, lemuel_crystal_altar,
          makhleb_altar_promises_db, hangedman_abyss_or_decor_stabs,
          vehumet_altar_wand_db
D:8:      layout_basic, nicolae_overflow_crystal_walls, uniq_prince_ribbit1,
          uniq_harold

Skill      XL: |  1  2  3  4  5  6  7  8  9 |
---------------+----------------------------+-----
Fighting       | 4 5 6 7 |  7.9
Long Blades    | 4 5 6 7 8 10 11 | 11.7
Armour         | 3 4 5 8 9 |  9.3
Dodging        | 3 4 5 |  5.5

Action                   |  1- 3 |  4- 6 |  7- 9 || total
-------------------------+-------+-------+-------++-------
Melee: Falchion          |    73 |   131 |   324 ||   528
       Headbutt          |    15 |    26 |    73 ||   114
Invok: Trog's Hand       |       |     2 |     2 ||     4
       Berserk           |       |     2 |     3 ||     5
  Use: Scroll            |       |     3 |     6 ||     9
Armor: Animal skin       |     7 |       |       ||     7
       Scale mail        |     6 |    43 |   144 ||   193
Dodge: Dodged            |    53 |    55 |   170 ||   278
       Rpst.: Falchion   |     9 |    10 |    43 ||    62
